 Dungeon Crawl Stone Soup version 0.22-a0-86-g94e0ad4 (webtiles) character file.

235 shenanigans the Slasher (level 6, -2/51 HPs)
             Began as a Barachi Monk on Jan 20, 2018.
             Slain by a centaur (5 damage)
             ... on level 4 of the Dungeon.
             The game lasted 00:06:18 (3698 turns).

shenanigans the Slasher (Barachi Monk)              Turns: 3698, Time: 00:06:19

Health: -2/51      AC:  8    Str: 13    XL:     6   Next: 6%
Magic:  6/6        EV: 11    Int: 12    God:
Gold:   138        SH:  0    Dex: 14    Spells: 5/5 levels left

rFire    . . .     SeeInvis .   j - +0 falchion (slice)
rCold    + . .     Gourm    .   (no shield)
rNeg     . . .     Faith    .   m - +0 scale mail
rPois    .         Spirit   .   (helmet restricted)
rElec    .         Reflect  .   (no cloak)
rCorr    .         Harm     .   f - +0 pair of gloves (curse)
MR       .....     Clarity  +   (no boots)
Stlth    +.........             (no amulet)
HPRegen  0.17/turn              o - ring of protection from cold
MPRegen  0.10/turn              (no ring)

@: very slightly contaminated, invisible, slow
A: +LOS, swims, fangs 1, horns 1, clarity, slowness 1, strong legs 1
a: Hop


You were on level 4 of the Dungeon.
You were near starving.

You visited 1 branch of the dungeon, and saw 4 of its levels.

You collected 228 gold pieces.
You spent 90 gold pieces at shops.

Inventory:

Hand Weapons
 a - a +0 falchion
 j - a +0 falchion of slicing (weapon)
 r - a cursed -3 flail
Armour
 b - a +0 robe
 f - a cursed +0 pair of gloves (worn)
 l - a +0 ring mail
 m - a +0 scale mail (worn)
Jewellery
 o - a ring of protection from cold (left hand)
Scrolls
 d - 3 scrolls of teleportation
 e - 3 scrolls of fog {unknown}
 h - a scroll of identify {unknown}
 i - a scroll of enchant armour {unknown}
 k - 4 scrolls of remove curse {unknown}
 q - a scroll of enchant weapon {unknown}
Potions
 g - 2 potions of resistance
Books
 n - a book of Cantrips

   Spells                             Type                      Level
   a - Confusing Touch                Hexes                        1
   b - Animate Skeleton               Necromancy                   1
   c - Summon Small Mammal            Summoning                    1
   d - Apportation                    Translocation                1
Comestibles
 c - 8 rations


   Skills:
 + Level 5.0 Fighting
 + Level 5.0 Long Blades
 + Level 3.2 Armour
 + Level 4.5 Dodging
 - Level 1.7 Stealth


You had 5 spell levels left.
You didn't know any spells.

Dungeon Overview and Level Annotations

Branches:
Dungeon (4/15)
 Temple: D:4-7

Altars:
Fedhas
Nemelex Xobeh
Qazlal
Zin


Innate Abilities, Weirdness & Mutations

Shadows flee at your approach. (+LOS)
You can swim through water.
You cover ground slowly.
You can hop short distances.
You have very sharp teeth.
You have a pair of small horns on your head.
You possess an exceptional clarity of mind.


Message History

Your bite misses the centaur.
The centaur is moderately wounded.
The centaur barely misses you.
You riposte.
You hit the centaur. Your headbutt misses the centaur.
The centaur is heavily wounded.
The centaur hits you.
* * * LOW HITPOINT WARNING * * *
It was a potion of invisibility.
You fade into invisibility!
The centaur hits you but does no damage.
You are very lightly contaminated with residual magic.
You hit the centaur. You headbutt the centaur.
The centaur is severely wounded.
The centaur hits you.
* * * LOW HITPOINT WARNING * * *
The centaur misses you.
You hit the centaur.
The centaur is almost dead.
The centaur hits you.
You die...

####################
......#....#.......#
......#....#.......#
......#....#.......#
......#....'.......#
##'####'####.##....#
.....<...###.##....#
.........#...(...c.#
.........'......@..#
.........#...(((...#
.........#..(##....#
##########...##....#
#............#
................#
.PPPP...........#
..P.PPP..........+
PP_PP.#.##....##


You could see a centaur.

Vanquished Creatures
  2 orc wizards (D:3)
  A worker ant (D:4)
  3 gnolls (D:3)
  An adder (D:2)
  A worm (D:3)
  4 dart slugs
  3 leopard geckos
  14 orcs
  4 bats
  6 giant cockroaches
  4 goblins
  9 hobgoblins
  10 jackals
  A quokka (D:3)
  7 frilled lizards
  6 kobolds
  A quokka zombie (D:2)
  6 rats
83 creatures vanquished.

Vanquished Creatures (others)
  A hobgoblin (D:3)
1 creature vanquished.

Grand Total: 84 creatures vanquished

Notes
Turn   | Place    | Note
-------+----------+-------------------------------------------
     0 | D:1      | shenanigans the Barachi Monk began the quest for the Orb.
     0 | D:1      | Reached XP level 1. HP: 18/18 MP: 1/1
    41 | D:1      | Reached XP level 2. HP: 5/25 MP: 2/2
   322 | D:1      | Reached skill level 1 in Armour
   419 | D:1      | Reached XP level 3. HP: 17/30 MP: 3/3
  1226 | D:2      | Found Zin's Purification Station.
  1227 | D:2      | Found a glowing silver altar of Zin.
  1248 | D:2      | Reached XP level 4. HP: 3/37 MP: 4/4
  1249 | D:2      | Bought a potion of curing for 90 gold pieces
  1858 | D:3      | Found a stormy altar of Qazlal.
  1892 | D:3      | Gained mutation: You possess an exceptional clarity of mind. [potion of mutation]
  1892 | D:3      | Gained mutation: You have very sharp teeth. [potion of mutation]
  1892 | D:3      | Gained mutation: You have a pair of small horns on your head. [potion of mutation]
  2382 | D:3      | Reached XP level 5. HP: 32/43 MP: 5/5
  3221 | D:3      | Found a sparkling altar of Nemelex Xobeh.
  3362 | D:4      | Noticed a centaur
  3432 | D:4      | Reached skill level 5 in Fighting
  3432 | D:4      | Reached skill level 5 in Long Blades
  3432 | D:4      | Reached XP level 6. HP: 28/51 MP: 6/6
  3688 | D:4      | Found a blossoming altar of Fedhas.
  3698 | D:4      | Slain by a centaur

Vault maps used:
D:1:      ncdulo_watergridlock, kennysheep_decorative_pillar
D:2:      zin_purify, minmay_tree_intersection
D:3:      grunt_qazlal_clouds, nemelex_altar_shiori, first_ration
D:4:      old_standard_altar, fedhas_bush_and_centaur_altar, temple_doors_cd

Skill      XL: |  1  2  3  4  5 |
---------------+----------------+-----
Armour         | 1 2 3 |  3.2
Fighting       | 4 5 |  5.0
Long Blades    | 4 5 |  5.0
Dodging        | 4 |  4.5
Stealth        | |  1.7

Action                   |  1- 3 |  4- 6 || total
-------------------------+-------+-------++-------
Melee: Falchion          |   123 |   147 ||   270
       Headbutt          |       |    20 ||    20
       Bite              |       |    10 ||    10
  Use: Potion            |       |     5 ||     5
       Scroll            |       |     2 ||     2
 Stab: Sleeping          |     1 |       ||     1
  Eat: Chunk             |     1 |     4 ||     5
       Ration            |       |     1 ||     1
Armor: Robe              |    25 |       ||    25
       Ring mail         |       |    22 ||    22
       Skin              |       |    10 ||    10
       Scale mail        |       |    27 ||    27
Dodge: Dodged            |   120 |    80 ||   200
       Rpst.: Falchion   |    38 |    23 ||    61

Table legend:
 A = Spawn XP
 B = Non-spawn XP
 C = Spawn XP percentage of total XP
 D = Spawn monster count
 E = Non-spawn monster count
 F = Spawn count percentage of total count
 G = Total turns spent on level
                    A         B        C        D         E        F      G
               +---------+---------+-------+---------+---------+-------+---------
         Total |       0 |     337 |   0.0 |       0 |      83 |   0.0 |  3698
               +---------+---------+-------+---------+---------+-------+---------
           D:1 |       0 |      63 |   0.0 |       0 |      32 |   0.0 |  1155
           D:2 |       0 |      27 |   0.0 |       0 |      10 |   0.0 |   671
           D:3 |       0 |     206 |   0.0 |       0 |      38 |   0.0 |  1525
           D:4 |       0 |      41 |   0.0 |       0 |       3 |   0.0 |   347
               +---------+---------+-------+---------+---------+-------+---------
